Map: Coda LE

Players

Wintersc2 (Winter)

  • Race: Protoss Protoss
  • Spawn Location: 11:00

desRow - Winner!

  • Race: Protoss Protoss
  • Spawn Location: 5:00

VOD

Have the link to the VOD?

Description

Time

  • Played on: April 3, 2015, 12:26 a.m.
  • Length: 17:52
Show
View Real Time Build Order
Export as new Build Order

Wintersc2 Protoss 

Build Orders: Adept Opening 

Get SALT Encoding   

  12  0:01  Probe  
  13  0:13  Pylon  
  13  0:18  Probe  
  14  0:31  Probe (Chrono Boost)  
  15  0:41  Probe (Chrono Boost)  
  16  0:44  Gateway  
  16  0:48  Probe  
  17  0:50  Assimilator  
  17  0:58  Pylon  
  17  1:00  Probe  
  18  1:12  Probe (Chrono Boost)  
  19  1:22  Probe (Chrono Boost)  
  20  1:29  Probe  
  21  1:33  Cybernetics Core  
  21  1:40  Gateway  
  21  1:42  Probe (Chrono Boost), Assimilator  
  22  1:52  Probe (Chrono Boost)  
  23  1:59  Probe  
  24  2:11  Probe, Adept (Chrono Boost)  
  27  2:16  Pylon  
  27  2:19  Warp Gate (Chrono Boost)  
  27  2:23  Probe  
  27  2:26  Robotics Facility  
  27  2:29  Adept  
  30  2:35  Probe  
  31  2:42  Adept  
  33  2:47  Probe  
  34  2:59  Probe  
  38  3:15  Robotics Bay  
  38  3:21  Pylon, Warp Prism (Chrono Boost)  
  38  3:22  Probe  
  38  3:39  Probe  
  39  3:41  Pylon  
  39  3:42  Gateway  
  39  3:43  Pylon  
  39  3:51  Probe  
  38  4:20  Probe  
  43  4:27  Disruptor (Chrono Boost)  
  43  4:30  Gravitic Drive  
  43  4:32  Probe, Nexus  
  43  4:38  Pylon  
  44  4:42  Stalker  
  44  4:45  Mothership Core (Chrono Boost)  
  48  5:00  Probe  
  48  5:06  Disruptor  
  49  5:11  Stalker  
  49  5:12  Stalker x2, Probe  
  56  5:18  Gateway  
  56  5:24  Probe  
  57  5:36  Probe  
  56  5:46  Probe (Chrono Boost)  
  52  5:53  Twilight Council  
  52  5:54  Probe (Chrono Boost)  
  53  5:57  Probe (Chrono Boost), Assimilator  
  53  6:01  Assimilator  
  53  6:02  Probe (Chrono Boost)  
  53  6:03  Probe  
  55  6:09  Zealot x3  
  61  6:12  Probe  
  61  6:13  Forge  
  61  6:16  Probe, Pylon  
  63  6:25  Probe  
  68  6:28  Probe  
  68  6:30  Disruptor  
  69  6:37  Probe, Pylon  
  70  6:41  Probe  
  70  6:44  Pylon  
  70  6:45  Blink (Chrono Boost)  
  71  6:53  Protoss Ground Weapons Level 1 (Chrono Boost)  
  71  6:56  Probe  
  72  7:08  Probe  
  73  7:12  Gateway  
  73  7:13  Probe  
  73  7:14  Pylon  
  74  7:17  Pylon, Warp Prism (Chrono Boost)  
  74  7:20  Pylon  
  74  7:21  Probe  
  74  7:22  Stalker x3  
  83  7:29  Pylon  
  83  7:37  Stalker  
  83  7:40  Pylon  
  83  7:42  Pylon  
  85  7:50  Stalker x3  
  91  8:01  Probe  
  91  8:04  Gateway  
  92  8:06  Gateway  
  92  8:13  Stalker x3  
  92  8:14  Stalker x2  
  102  8:26  Probe, Pylon  
  103  8:28  Probe  
  104  8:36  Disruptor  
  104  8:39  Stalker x5  
  114  9:01  Pylon  
  114  9:10  Disruptor  
  114  9:24  Stalker x4, Probe  
  123  9:40  Probe, Nexus  
  123  9:42  Pylon  
  123  9:43  Pylon  
  124  9:51  Stalker x4  
  124  9:52  Stalker x3  
  127  10:12  Probe  
  114  10:16  Stalker x4  
  114  10:17  Stalker x3  
  129  10:21  Probe  
  132  10:34  Disruptor  
  132  10:35  Assimilator  
  132  10:37  Probe  
  132  10:39  Protoss Ground Weapons Level 2 (Chrono Boost)  
  133  10:46  Stalker x2, Photon Cannon, Assimilator  
  133  10:47  Photon Cannon  
  133  10:48  Photon Cannon  
  137  10:55  Stalker  
  137  10:56  Stalker x2  
  143  10:58  Probe  
  144  11:11  Dark Shrine  
  144  11:17  Zealot x2  
  144  11:26  Zealot x3  
  144  11:32  Stalker x2  
  146  11:34  Probe  
  146  11:38  Stalker x2  
  131  11:47  Stalker x2  
  131  11:48  Stalker  
  133  11:55  Probe x3  
  133  11:58  Stalker  
  133  11:59  Stalker  
  139  12:05  Stalker x2  
  143  12:11  Observer  
  144  12:21  Stalker x2  
  144  12:22  Stalker x3  
  142  12:30  Dark Templar x2  
  102  12:48  Stalker x2  
  102  12:49  Stalker x2  
  102  12:51  Probe x2  
  100  12:54  Stalker  
  100  13:03  Zealot x2  
  102  13:17  Nexus  
  102  13:21  Stalker x2  
  102  13:22  Zealot  
  108  13:33  Stalker  
  110  13:49  Dark Templar  
  112  14:00  Stalker x2  
  116  14:05  Stalker  
  118  14:14  Stalker  
  120  14:30  Probe  
  121  14:32  Assimilator  
  121  14:36  Assimilator  
  121  14:41  Pylon  
  121  14:43  Pylon  
  121  14:52  Probe  
  119  14:56  Probe  
  118  15:07  Templar Archives  
  118  15:22  Nexus  
  118  15:23  Nexus  
  118  15:24  Zealot x3  
  118  15:25  Pylon  
  124  15:28  Pylon  
  123  15:37  Photon Cannon  
  123  15:39  Psionic Storm  
  123  15:48  Zealot x2, Pylon  
  127  15:53  Probe  
  128  16:05  Photon Cannon  
  128  16:07  High Templar x2, Assimilator  
  128  16:08  High Templar  
  134  16:11  Assimilator  
  134  16:18  Pylon  
  134  16:23  High Templar x2  
  137  16:27  Zealot x2  
  141  16:35  Probe  
  142  16:40  Zealot x2  
  142  16:41  Zealot  
  92  17:01  Zealot x3  
  92  17:02  Zealot  
  92  17:03  Stalker x2  
  92  17:04  Stalker  
  92  17:05  Probe  
  92  17:06  Probe x2  
  109  17:12  Probe  
  109  17:18  Probe x2  
  109  17:24  Zealot  
  109  17:25  Zealot x3  
  86  17:46  Stalker x5  
Show
View Real Time Build Order
Export as new Build Order

desRow Protoss - Winner!

Build Orders: 1 Gate MSC Expand, Carriers 

Get SALT Encoding   

  12  0:09  Pylon  
  12  0:13  Probe  
  13  0:25  Probe  
  14  0:32  Gateway  
  14  0:38  Probe (Chrono Boost)  
  15  0:44  Assimilator  
  15  0:49  Assimilator  
  15  0:52  Probe (Chrono Boost)  
  16  1:00  Probe (Chrono Boost)  
  17  1:07  Pylon  
  17  1:12  Probe (Chrono Boost)  
  18  1:20  Probe (Chrono Boost)  
  18  1:23  Cybernetics Core  
  19  1:29  Probe  
  20  1:41  Probe (Chrono Boost)  
  21  1:53  Probe (Chrono Boost)  
  22  2:00  Probe (Chrono Boost)  
  22  2:01  Warp Gate  
  23  2:06  Stalker  
  25  2:11  Mothership Core  
  27  2:33  Pylon  
  27  2:38  Stalker (Chrono Boost)  
  27  2:39  Nexus  
  29  2:52  Gateway  
  29  3:00  Gateway  
  29  3:02  Sentry  
  31  3:08  Probe  
  32  3:20  Probe (Chrono Boost)  
  33  3:29  Robotics Facility  
  33  3:32  Probe (Chrono Boost)  
  35  3:42  Probe (Chrono Boost)  
  35  3:52  Probe (Chrono Boost)  
  35  3:54  Probe (Chrono Boost)  
  37  3:56  Pylon  
  37  4:00  Forge  
  37  4:02  Probe (Chrono Boost)  
  39  4:04  Probe (Chrono Boost)  
  39  4:09  Probe  
  40  4:15  Probe  
  41  4:21  Stalker x2, Observer (Chrono Boost)  
  46  4:25  Pylon  
  46  4:29  Stalker  
  48  4:42  Immortal (Chrono Boost)  
  52  4:46  Probe x2  
  52  4:52  Photon Cannon  
  54  4:56  Protoss Ground Weapons Level 1 (Chrono Boost)  
  54  4:59  Probe  
  55  5:01  Probe  
  56  5:10  Stargate  
  56  5:11  Probe  
  57  5:14  Assimilator  
  57  5:15  Probe  
  57  5:18  Assimilator  
  58  5:23  Probe  
  58  5:28  Probe  
  60  5:33  Pylon  
  60  5:38  Probe  
  61  5:47  Probe  
  57  5:51  Immortal (Chrono Boost)  
  57  5:54  Phoenix (Chrono Boost)  
  57  5:56  Probe  
  64  6:11  Probe x2  
  66  6:13  Pylon  
  66  6:14  Nexus  
  66  6:17  Pylon  
  66  6:23  Probe  
  67  6:32  Probe  
  68  6:33  Photon Cannon  
  68  6:35  Probe  
  69  6:42  Fleet Beacon  
  69  6:45  Probe  
  70  6:47  Probe  
  71  6:57  Probe  
  71  6:59  Probe  
  71  7:01  Protoss Shields Level 1, Photon Cannon  
  73  7:04  Stargate  
  73  7:08  Carrier (Chrono Boost)  
  73  7:09  Probe  
  73  7:11  Probe  
  75  7:21  Probe  
  76  7:26  Probe  
  76  7:27  Graviton Catapult (Chrono Boost), Probe  
  76  7:28  Photon Cannon  
  84  7:38  Probe (Chrono Boost)  
  84  7:42  Carrier (Chrono Boost)  
  84  7:43  Probe (Chrono Boost)  
  86  7:47  Zealot  
  94  7:59  Probe x2  
  94  8:03  Probe  
  97  8:06  Assimilator  
  97  8:08  Carrier (Chrono Boost)  
  97  8:11  Probe x2  
  99  8:17  Probe  
  106  8:27  Pylon  
  106  8:29  Pylon  
  106  8:31  Pylon  
  106  8:32  Assimilator  
  106  8:34  Pylon  
  106  8:38  Protoss Air Weapons Level 1  
  106  8:39  Carrier (Chrono Boost)  
  106  8:49  Zealot  
  106  8:50  Gateway, Twilight Council  
  106  8:51  Zealot  
  116  9:04  Zealot  
  116  9:05  Carrier (Chrono Boost)  
  105  9:24  Zealot x2  
  108  9:28  Carrier (Chrono Boost)  
  110  9:39  Templar Archives  
  110  9:51  Probe (Chrono Boost)  
  108  9:57  Probe (Chrono Boost)  
  108  10:01  Probe (Chrono Boost)  
  108  10:03  Carrier (Chrono Boost)  
  108  10:05  Probe (Chrono Boost)  
  101  10:16  Charge (Chrono Boost)  
  101  10:17  Probe x2  
  109  10:34  Carrier (Chrono Boost)  
  113  11:02  Nexus  
  111  11:32  Carrier (Chrono Boost)  
  111  11:35  Carrier (Chrono Boost)  
  111  11:38  Pylon  
  117  12:03  Zealot, High Templar x2  
  123  12:11  Archon  
  120  12:26  Carrier (Chrono Boost)  
  82  13:05  Zealot x4  
  90  13:20  Assimilator  
  90  13:21  Immortal (Chrono Boost)  
  90  13:23  Probe, Carrier (Chrono Boost)  
  90  13:24  Probe x2  
  97  13:33  Zealot x3, Carrier (Chrono Boost)  
  109  13:38  Zealot  
  117  14:15  Zealot x2, Pylon  
  117  14:16  Photon Cannon  
  121  14:22  Pylon  
  121  14:31  Observer (Chrono Boost)  
  122  14:33  Pylon  
  122  14:38  Robotics Facility  
  122  14:56  Zealot x4  
  122  14:59  Immortal (Chrono Boost)  
  132  15:04  Nexus  
  130  15:11  Protoss Air Weapons Level 2 (Chrono Boost)  
  130  15:17  Probe, High Templar x2  
  130  15:18  Probe  
  136  15:23  Archon  
  136  15:24  Probe  
  137  15:29  Probe  
  137  15:33  High Templar x2  
  137  15:35  Probe  
  143  15:36  Probe  
  143  15:39  Archon  
  143  15:41  Probe  
  143  15:44  Photon Cannon  
  143  15:47  Photon Cannon  
  143  15:50  Pylon  
  141  15:58  Carrier (Chrono Boost)  
  139  16:06  Zealot  
  147  16:20  Probe  
  147  16:23  Assimilator  
  147  16:25  Probe  
  149  16:26  Observer (Chrono Boost)  
  149  16:28  Assimilator  
  149  16:31  Probe  
  149  16:32  Probe x2  
  153  16:37  Probe  
  142  17:04  Zealot x4  
  135  17:46  Gateway  
  135  17:47  Gateway  
  135  17:48  Gateway  
  135  17:50  Gateway  
Tags
 
Composition
Carriers
Matchup
PvP
Replay Pack
winter
Spawn Locations
Cross Positions
Add a new tag
Caveats
  • Supply blocks, unpowered buildings, or Contaminate may cause inaccurate times.
  • Supply counts are checked every 10 seconds.